Map: Kairos Junction LE

Players

Zanster - Winner!

  • Race: Zerg Zerg
  • Spawn Location: 11:00

ShaDoWn

  • Race: Protoss Protoss
  • Spawn Location: 5:00

Event: 2019 WCS Summer

VOD

Have the link to the VOD?

Description

Time

  • Played on: July 12, 2019, 3:56 p.m.
  • Length: 8:25

All games in this series

Show
View Real Time Build Order
Export as new Build Order

Zanster Zerg - Winner!

Build Orders: Hatch First 

Get SALT Encoding   

  12  0:01  Drone  
  13  0:12  Overlord  
  13  0:17  Drone  
  14  0:31  Drone x2  
  16  0:48  Hatchery  
  15  0:51  Drone  
  15  0:55  Drone  
  17  0:58  Drone  
  18  1:09  Extractor  
  17  1:13  Spawning Pool  
  17  1:16  Drone  
  17  1:20  Drone  
  18  1:28  Drone  
  19  1:41  Drone  
  20  1:56  Drone  
  21  2:03  Spine Crawler  
  21  2:04  Spine Crawler  
  21  2:05  Spine Crawler x2  
  17  2:10  Zergling x2  
  17  2:11  Spine Crawler  
  17  2:15  Zergling x2  
  18  2:20  Zergling x2  
  20  2:22  Zergling x2  
  20  2:32  Zergling x4  
  20  2:35  Zergling x2  
  23  2:46  Queen  
  23  2:55  Queen  
  20  3:08  Drone x3  
  20  3:09  Drone  
  24  3:14  Zergling x2  
  25  3:29  Overlord  
  25  3:31  Queen  
  26  3:50  Zergling x12  
  32  3:59  Overlord  
  32  4:00  Zergling x2  
  31  4:20  Zergling x2  
  31  4:21  Zergling x8  
  32  4:25  Zergling x2  
  32  4:26  Metabolic Boost  
  29  4:35  Zergling x4  
  31  4:48  Zergling x4  
  33  4:53  Zergling x2  
  33  5:02  Zergling x8  
  33  5:06  Queen  
  39  5:07  Overlord  
  38  5:16  Zergling x4  
  40  5:21  Zergling x2  
  40  5:37  Zergling x8  
  40  5:38  Zergling x6  
  46  5:53  Zergling x8  
  47  6:09  Zergling x14  
  44  6:33  Zergling x4  
  44  6:34  Zergling x4  
  47  6:47  Hatchery  
  45  6:49  Zergling x6  
  48  6:56  Zergling x6  
  48  6:58  Overlord  
  51  7:02  Overlord  
  47  8:06  Hatchery  
  47  8:09  Drone  
Show
View Real Time Build Order
Export as new Build Order

ShaDoWn Protoss 

Build Orders:  

Get SALT Encoding   

  12  0:00  Probe  
  13  0:12  Probe  
  14  0:17  Pylon  
  14  0:24  Probe  
  15  0:33  Probe  
  15  0:37  Gateway  
  15  0:41  Probe  
  16  0:47  Assimilator  
  17  0:51  Probe  
  18  1:03  Probe  
  19  1:06  Forge  
  19  1:15  Probe  
  20  1:27  Pylon  
  20  1:28  Cybernetics Core  
  20  1:29  Probe  
  21  1:45  Photon Cannon  
  21  1:52  Pylon  
  21  1:58  Photon Cannon  
  21  2:16  Photon Cannon  
  21  2:17  Photon Cannon  
  21  2:18  Shield Battery  
  21  2:22  Photon Cannon  
  21  2:29  Photon Cannon  
  21  2:36  Shield Battery  
  21  2:37  Shield Battery  
  21  2:43  Photon Cannon  
  21  2:50  Shield Battery  
  20  3:07  Robotics Facility  
  20  3:22  Pylon  
  20  3:24  Adept  
  22  3:34  Probe  
  22  3:41  Immortal  
  26  3:56  Probe  
  27  4:11  Shield Battery  
  27  4:12  Pylon  
  27  4:14  Photon Cannon  
  31  4:30  Shield Battery  
  27  4:32  Shield Battery  
  27  4:33  Robotics Facility  
  27  4:38  Adept  
  29  4:45  Photon Cannon  
  29  4:46  Shield Battery  
  29  5:01  Shield Battery  
  29  5:04  Photon Cannon  
  29  5:10  Immortal  
  33  5:37  Shield Battery  
  33  5:46  Probe  
  34  5:54  Photon Cannon  
  8  6:39  Warp Prism  
Tags
 
Add a new tag
Caveats
  • Supply blocks, unpowered buildings, or Contaminate may cause inaccurate times.
  • Supply counts are checked every 10 seconds.